 Dungeon Crawl Stone Soup version 0.30.1-9-gdf580d7c3d (webtiles) character file.

Game seed: 13255034848367529569

1350 Ijustatesigmund the Digger (level 8, 0/48 HPs)
             Began as a Gargoyle Earth Elementalist on Oct 5, 2023.
             Slain by an orc warrior
             ... wielding a +0 war axe
              (8 damage)
             ... on level 5 of the Dungeon.
             The game lasted 00:12:43 (6221 turns).

Ijustatesigmund the Digger (GrEE)                   Turns: 6221, Time: 00:12:44

Health: 0/48       AC:  8    Str: 13    XL:     8   Next: 63%
Magic:  1/14       EV: 11    Int: 17    God:
Gold:   287        SH:  0    Dex: 10    Spells: 11/15 levels left

rFire   . . .        d - +1 flail
rCold   . . .        (no shield)
rNeg    + . .        a - +0 robe
rPois   ∞            (no helmet)
rElec   +            (no cloak)
rCorr   +            q - +0 pair of gloves
SInv    .            (no boots)
Will    .....        (no amulet)
Stlth   ++           f - ring of resist corrosion
HPRegen 0.28/turn    (no ring)
MPRegen 0.14/turn

%: no passive effects
@: very slightly contaminated
A: sickness immunity, AC +5, negative energy resistance 1, electricity
resistance, torment resistance 1, petrification resistance
a: no special abilities


You were on level 5 of the Dungeon.
You visited 1 branch of the dungeon, and saw 6 of its levels.

You collected 287 gold pieces.

Inventory:

Hand Weapons
 d - a +1 flail (weapon)
Armour
 a - a +0 robe (worn)
 q - a +0 pair of gloves (worn)
Jewellery
 f - a ring of resist corrosion (left hand)
 r - a ring of see invisible
 t - a ring of positive energy
Wands
 i - a wand of digging (10)
Scrolls
 g - a scroll of identify
 j - 2 scrolls of teleportation
 k - a scroll of brand weapon {unknown}
 l - a scroll of amnesia {unknown}
 p - a scroll of enchant armour {unknown}
Potions
 b - 2 potions of magic
 c - 2 potions of attraction
 e - 4 potions of heal wounds
 h - a potion of lignification
 m - a potion of mutation
 n - a potion of haste
 o - a potion of resistance {unknown}
 s - a potion of cancellation {unknown}


   Skills:
 + Level 4.3 Fighting
 + Level 3.9 Maces & Flails
 - Level 1.5 Dodging
 - Level 2.1 Stealth
 + Level 4.3 Spellcasting
 * Level 6.1 Conjurations
 - Level 1.0 Transmutations
 + Level 6.1 Earth Magic


You had 11 spell levels left.
You knew the following spells:

 Your Spells              Type           Power      Damage    Failure   Level
a - Sandblast             Erth           48%        2d12      1%          1
b - Stone Arrow           Conj/Erth      48%        3d10      3%          3

Your spell library contained the following spells:

 Spells                   Type           Power      Damage    Failure   Level
 Passwall                 Tmut/Erth      12%        N/A       5%          2
 Petrify                  Tmut/Erth      15%        N/A       34%         4


Dungeon Overview and Level Annotations

Branches:
Dungeon (6/15)
 Temple: D:4-7

Altars:

Shops:
D:1 [[[


Innate Abilities, Weirdness & Mutations

You are immune to sickness and miasma.
Your stone body is resilient. (AC +5)
You are immune to poison.
You resist negative energy. (rN+)
You are resistant to electric shocks. (rElec)
You are resistant to unholy torment.
You are immune to petrification.


Message History

The centaur shoots an arrow.
The arrow hits you.
The orc warrior hits you with a +0 war axe!
The centaur shoots an arrow.
The arrow barely misses you.
The orc warrior hits you with a +0 war axe.
You climb upwards.
There is a stone staircase leading down here.
Casting: Sandblast (safe; 1% risk of failure)
Confirm with . or Enter, or press ? or * to list all spells.
Aiming: Stone Arrow (dangerous; 3% risk of failure)
Press: ? - help, Shift-Dir - straight line, f - orc warrior
Aim: an orc warrior, wielding a +0 war axe and wearing a +0 chain mail (68% to hit)
You miscast Stone Arrow.
You are very lightly contaminated with residual magic.
Nothing appears to happen.
The orc warrior hits you with a +0 war axe!
Casting: Stone Arrow (dangerous; 3% risk of failure)
Confirm with . or Enter, or press ? or * to list all spells.
Aiming: Stone Arrow (dangerous; 3% risk of failure)
Press: ? - help, Shift-Dir - straight line, f/p - orc warrior
Aim: an orc warrior, wielding a +0 war axe and wearing a +0 chain mail (68% to hit)
The stone arrow hits the orc warrior!
The orc warrior is moderately wounded.
The orc warrior barely misses you.
Casting: Stone Arrow (dangerous; 3% risk of failure)
Confirm with . or Enter, or press ? or * to list all spells.
You don't have enough magic to cast this spell.
You feel much better.
The orc warrior hits you with a +0 war axe!
You hit the orc warrior.
The orc warrior is heavily wounded.
The orc warrior hits you with a +0 war axe!
* * * LOW HITPOINT WARNING * * *
You hit the orc warrior but do no damage.
The orc warrior is heavily wounded.
The orc warrior hits you with a +0 war axe.
* * * LOW HITPOINT WARNING * * *
You closely miss the orc warrior.
The orc warrior is heavily wounded.
The orc warrior hits you with a +0 war axe!
You die...

#.#.#######.##.#.#...............
#.#.##.>.....#.#.#.##.######....#
..#.##.####..#.#.#....# #....#
..#.##.# #.....#.#..### #....#
..#.##.# #.#.....#.## #....#
..#.##.# #.#<#.....# #....#
#.#.##.###.#.#...#.# #....#
#.#.##.#...#.#.#o#.# #....#
#.#.##.##.##.#.#@#.# #....#
#.#.##.##.##.#.###.##############
..#.##.##.##.#.# #...............
..#....##.##.#.# ###########.....
..#..........#.# #...............
..#.#####.####.# #.########......
..#..........#.# #.# #.........#
..#.......##.#.# #.# #.####....#
.##†########.#.# #.# #.# #....#


You could see an orc warrior.

Vanquished Creatures
  Grinder (D:3)
  Sigmund (D:5)
  An ice beast (D:5)
  4 ogres
  4 scorpions
  3 jellies
  An iguana (D:4)
  2 orc wizards (D:4)
  7 adders
  A white imp (D:5)
  An ufetubus (D:5)
  A dart slug (D:5)
  A worm (D:4)
  20 orcs
  5 endoplasms
  2 giant cockroaches
  9 goblins
  7 hobgoblins
  4 jackals (D:2)
  7 quokkas
  5 ball pythons
  7 bats
  4 frilled lizards
  4 kobolds
  3 rats
105 creatures vanquished.

Notes
Turn   | Place    | Note
-------+----------+-------------------------------------------
     0 | D:1      | Ijustatesigmund the Gargoyle Earth Elementalist began the
                  | quest for the Orb.
     0 | D:1      | Reached XP level 1. HP: 10/10 MP: 3/3
   205 | D:1      | Reached skill level 1 in Transmutations
   268 | D:1      | Found Nuego's Antique Armour Shoppe.
   271 | D:1      | Reached XP level 2. HP: 16/16 MP: 3/5
   306 | D:1      | Found Gyadaong's Armour Shop.
   388 | D:1      | Found Hyroekk's Armour Boutique.
   699 | D:1      | Reached skill level 1 in Fighting
  1098 | D:1      | Reached XP level 3. HP: 20/20 MP: 4/6
  1314 | D:2      | Learned a level 3 spell: Stone Arrow
  1453 | D:2      | Reached skill level 1 in Maces & Flails
  1932 | D:2      | Reached skill level 1 in Conjurations
  1933 | D:2      | Reached XP level 4. HP: 25/25 MP: 3/7
  2419 | D:3      | Noticed Grinder
  3399 | D:3      | Identified the +3 chain mail of Yjepuoma {rElec Int+3}
  3442 | D:3      | Paralysed by Grinder for 2 turns
  3453 | D:4      | Reached XP level 5. HP: 30/30 MP: 5/9
  3933 | D:3      | Reached XP level 6. HP: 34/36 MP: 1/10
  4659 | D:3      | Killed Grinder
  4660 | D:3      | Reached skill level 5 in Earth Magic
  4660 | D:3      | Reached XP level 7. HP: 41/41 MP: 6/12
  4859 | D:5      | Entered Level 5 of the Dungeon
  4925 | D:5      | Found the +6 shillelagh "Devastator" {shatter}
  5104 | D:5      | Reached skill level 5 in Conjurations
  5107 | D:5      | Reached XP level 8. HP: 48/48 MP: 6/13
  5171 | D:5      | Noticed Sigmund
  5176 | D:5      | Killed Sigmund
  6221 | D:5      | Slain by an orc warrior

Illustrated notes

Levels and vault maps discovered:
D:1:      matt_arrival_los_fun, layout_basic, serial_shops, shop, shop, shop,
          minmay_hedge_maze, amethyst_killhole
D:2:      layout_loops_ring, kennysheep_path_1, dreamdust_wishing_well,
          kennysheep_flooded_box, chequers_big_river
D:3:      layout_rooms, uniq_grinder
D:4:      layout_rooms
D:5:      layout_basic, dilly_guarded_unrand_devastator, uniq_sigmund
D:6:      layout_loops_ring, nemelex_dance_club_becter,
          minmay_temple_entry_sparse_star, serial_bayou, serial_bayou_lagoon_b,
          serial_bayou_shore_b, serial_bayou_lake_a, serial_bayou_ford_a

Skill      XL: |  1  2  3  4  5  6  7  8 |
---------------+-------------------------+-----
Transmutations | 1 |  1.0
Fighting       | 1 2 3 4 |  4.3
Earth Magic    | 4 5 6 |  6.1
Maces & Flails | 1 2 3 |  3.9
Conjurations   | 1 2 4 5 6 |  6.1
Spellcasting   | 3 4 |  4.3
Dodging        | |  1.5
Stealth        | |  2.1

Action                     |  1- 3 |  4- 6 |  7- 9 || total
---------------------------+-------+-------+-------++-------
  Melee: Flail             |    89 |    11 |     3 ||   103
   Cast: Sandblast         |    52 |    79 |    42 ||   173
         Stone Arrow       |       |     1 |    11 ||    12
    Use: Scroll            |     3 |       |     4 ||     7
         Potion            |       |     1 |     1 ||     2
 Armour: Robe              |    26 |    21 |    15 ||    62
  Dodge: Dodged            |    40 |    35 |    17 ||    92
